San Jose Sharks vs Colorado Rockies
(R1)
Created - Tuesday, November 12, 2024 at 10:17
Goals
|
| San Jose Sharks |
0 |
1 |
2 |
3 |
| Colorado Rockies |
1 |
0 |
0 |
1 |
|
Shots
|
| San Jose Sharks |
14 |
9 |
14 |
37 |
| Colorado Rockies |
6 |
10 |
14 |
30 |
|
1st period
1. Colorado Rockies , Kyle Connor 18 (David Pastrnak 37, Martin Fehervary 14) at 1:38 (PP)
Penalties :
Sean Durzi (SJS) for Tripping (Minor) at 0:34, Luke Kunin (SJS) for Cross-checking (Minor) at 4:45, David Pastrnak (COL) for Tripping (Minor) at 12:01
2nd period
2. San Jose Sharks , Brett Howden 1 (Connor Murphy 12, Ilya Mikheyev 11) at 8:03
Penalties :
Pierre-Luc Dubois (SJS) for Interference (Minor) at 0:03, Adam Henrique (SJS) for Tripping (Minor) at 3:53, Victor Hedman (COL) for Roughing (Minor) at 10:43
3rd period
3. San Jose Sharks , Luke Kunin 17 (Jonathan Drouin 26, Joseph Veleno 12) at 8:53
4. San Jose Sharks , Adam Henrique 28 (Rickard Rakell 40, Anthony Mantha 30) at 19:39 (Empty Net)
Penalties :
Anthony Mantha (SJS) for Slashing (Minor) at 5:08, Rickard Rakell (SJS) for Hooking (Minor) at 11:54, Michael Bunting (COL) for Tripping (Minor) at 16:04
Goalie Stats
Logan Thompson (SJS), 29 saves from 30 shots - (0.967), W, 27-21-4, 60:00 minutes
Joey Daccord (COL), 34 saves from 36 shots - (0.944), L, 16-19-5, 59:02 minutes
Players Stats for San Jose Sharks
Player Name G A P +/- PIM S H SB GA TA FO MP PP MP PK MP
------------------------------------------------------------------------------------
Adam Henrique 1 0 1 1 2 7 0 2 1 1 17/24 20:05 2:59 4:37
Anthony Mantha 0 1 1 1 2 5 3 0 0 0 2/2 19:17 2:59 4:09
Brett Howden 1 0 1 1 0 1 2 0 0 0 5/6 11:38 0:05 1:28
Christian Dvorak 0 0 0 1 0 0 0 0 0 1 1/5 9:53 0:05 0:00
Christopher Tanev 0 0 0 1 0 1 0 2 0 2 0/0 23:40 2:40 5:38
Connor Murphy 0 1 1 1 0 0 1 0 0 1 0/0 14:27 0:00 0:00
Dmitry Orlov 0 0 0 1 0 0 1 2 0 1 0/0 21:53 3:17 5:21
Erik Cernak 0 0 0 1 0 1 2 2 0 1 0/0 23:27 3:17 5:21
Frederick Gaudreau 0 0 0 1 0 1 0 0 0 0 0/1 9:13 0:00 0:00
Ilya Mikheyev 0 1 1 1 0 3 0 0 0 0 0/0 9:13 0:00 0:00
Ivan Barbashev 0 0 0 0 0 2 2 0 0 0 0/0 19:12 2:58 4:55
Jonathan Drouin 0 1 1 1 0 2 1 0 0 0 0/0 9:47 0:00 0:00
Joseph Veleno 0 1 1 0 0 3 0 0 0 0 0/1 13:41 2:53 0:00
Luke Kunin 1 0 1 1 2 2 5 1 0 1 3/5 15:28 2:53 2:14
Pierre-Luc Dubois 0 0 0 0 2 2 0 0 2 0 11/16 11:51 0:00 0:18
Rickard Rakell 0 1 1 1 2 6 0 1 0 0 2/7 19:38 2:59 4:17
Sean Durzi 0 0 0 1 2 1 0 3 0 0 0/0 23:30 2:40 5:07
Simon Nemec 0 0 0 1 0 0 0 2 0 0 0/0 13:02 0:00 0:31
Players Stats for Colorado Rockies
Player Name G A P +/- PIM S H SB GA TA FO MP PP MP PK MP
------------------------------------------------------------------------------------
Andrew Peeke 0 0 0 -1 0 0 0 0 0 0 0/0 14:30 0:36 0:49
David Pastrnak 0 1 1 -1 2 3 2 1 1 0 4/12 19:12 6:25 1:22
Evgeny Kuznetsov 0 0 0 0 0 0 2 0 0 0 3/6 8:58 0:00 0:00
Jakub Vrana 0 0 0 0 0 2 1 0 1 0 0/0 8:58 0:00 0:00
Jesper Bratt 0 0 0 -2 0 5 2 0 0 0 0/1 20:25 4:34 3:07
Kevin Hayes 0 0 0 0 0 0 0 0 1 0 0/0 9:25 0:27 0:00
Kyle Connor 1 0 1 -1 0 2 2 0 1 0 0/3 18:47 6:25 1:01
Kyle Palmieri 0 0 0 -1 0 0 2 0 0 0 0/0 12:21 0:00 0:27
Martin Fehervary 0 1 1 0 0 1 1 3 0 1 0/0 21:37 4:22 3:04
Michael Bunting 0 0 0 0 2 0 1 0 1 0 1/1 10:00 0:00 0:00
Nick Bonino 0 0 0 0 0 2 0 0 0 0 2/5 15:31 5:42 0:00
Nick Schmaltz 0 0 0 0 0 2 0 0 0 0 2/6 10:28 0:16 0:11
Nikita Kucherov 0 0 0 -2 0 5 2 0 2 0 2/4 20:08 4:34 3:16
Nikita Zadorov 0 0 0 0 0 2 2 0 0 0 0/0 21:37 4:22 3:04
Quinn Hughes 0 0 0 -2 0 1 1 0 0 1 0/0 25:21 6:01 2:53
Ryan O'Reilly 0 0 0 -2 0 3 0 1 0 0 12/29 19:48 4:34 2:30
Victor Hedman 0 0 0 -2 2 1 1 1 0 0 0/0 23:52 6:01 2:04
Vince Dunn 0 0 0 -1 0 1 0 0 1 1 0/0 13:02 0:36 0:00
3 Stars
1 - Logan Thompson (SJS)
2 - Luke Kunin (SJS)
3 - Brett Howden (SJS)
Power Play
San Jose Sharks - 0 on 3 Attempt(s) - 0.00%
Colorado Rockies - 1 on 6 Attempt(s) - 16.67%
Penalty Kill
San Jose Sharks - 5 on 6 Attempt(s) - 83.33%
- Score 0 goal in Penalty Kill
Colorado Rockies - 3 on 3 Attempt(s) - 100.00%
- Score 0 goal in Penalty Kill
Team Stat
San Jose Sharks - Hits : 17 - Faceoff Wins : 41 - Blocked Shots : 15 - Penalty Minutes : 12
Colorado Rockies - Hits : 19 - Faceoff Wins : 26 - Blocked Shots : 6 - Penalty Minutes : 6
Official
Referees : Dan O'Rourke and Justin Kea
Linesman : Scott Cherrey and Kilian McNamara
Game Notes
Adam Henrique has scored in a empty net!
Finance
Level 1 -- Attendance: 5261 (87.68%) -- Ticket Income $473,490
Level 2 -- Attendance: 4785 (95.70%) -- Ticket Income $263,175
Level 3 -- Attendance: 2434 (81.13%) -- Ticket Income $85,190
Level 4 -- Attendance: 3704 (74.08%) -- Ticket Income $92,600
Luxury Box -- Attendance: 937 (93.70%) -- Ticket Income $163,975
Game was played at the Pepsi Center.
Total Attendance: 17121 (85.61%)
Total Ticket Income: $1,078,430
Other Income: $377,450
Total Income: $1,455,880
San Jose Sharks
5 vs 5 Forward
Center Left Wing Right Wing Time % Phy DF OF
1 Adam Henrique Rickard Rakell Anthony Mantha 30 1 2 2
2 Pierre-Luc Dubois Joseph Veleno Ivan Barbashev 30 1 2 2
3 Christian Dvorak Jonathan Drouin Luke Kunin 25 1 2 2
4 Brett Howden Ilya Mikheyev Frederick Gaudreau 15 1 2 2
5 vs 5 Defense
Defense Defense Time % Phy DF OF
1 Christopher Tanev Erik Cernak 35 1 2 2
2 Sean Durzi Connor Murphy 35 1 2 2
3 Dmitry Orlov Simon Nemec 30 1 2 2
4 Erik Cernak Christopher Tanev 0 1 2 2
PowerPlay Forward
Center Left Wing Right Wing Time % Phy DF OF
1 Adam Henrique Rickard Rakell Anthony Mantha 50 1 2 2
2 Luke Kunin Joseph Veleno Ivan Barbashev 50 1 2 2
PowerPlay Defense
Defense Defense Time % Phy DF OF
1 Christopher Tanev Sean Durzi 50 1 2 2
2 Dmitry Orlov Erik Cernak 50 1 2 2
Penalty Kill 4 Players Forward
Center Wing Time % Phy DF OF
1 Adam Henrique Ivan Barbashev 50 1 2 2
2 Rickard Rakell Anthony Mantha 50 1 2 2
Penalty Kill 4 Players Defense
Defense Defense Time % Phy DF OF
1 Erik Cernak Dmitry Orlov 50 1 2 2
2 Christopher Tanev Sean Durzi 50 1 2 2
Penalty Kill - 3 Players Forward
Forward Time % Phy DF OF
1 Adam Henrique 50 1 2 2
2 Rickard Rakell 50 1 2 2
Penalty Kill - 3 Players Defense
Defense Defense Time % Phy DF OF
1 Christopher Tanev Erik Cernak 50 1 2 2
2 Simon Nemec Connor Murphy 50 1 2 2
4 vs 4 Forward
Center Wing Time % Phy DF OF
1 Adam Henrique Christian Dvorak 50 1 2 2
2 Rickard Rakell Anthony Mantha 50 1 2 2
4 vs 4 Defense
Defense Defense Time % Phy DF OF
1 Erik Cernak Simon Nemec 50 1 2 2
2 Sean Durzi Christopher Tanev 50 1 2 2
Last Minutes Offensive
Center Left Wing Right Wing Defense Defense
Adam Henrique Rickard Rakell Anthony Mantha Christopher Tanev Erik Cernak
Last Minutes Defensive
Center Left Wing Right Wing Defense Defense
Adam Henrique Rickard Rakell Anthony Mantha Christopher Tanev Erik Cernak
Goaltenders
Starting : Logan Thompson
Backup : Tristan Jarry
Extra Forwards
Normal : Adam Henrique, Christian Dvorak, Luke Kunin - PP : Adam Henrique, Christian Dvorak - PK : Luke Kunin
Extra Defensemen
Normal : Dmitry Orlov, Simon Nemec, Sean Durzi - PP : Dmitry Orlov - PK : Simon Nemec, Sean Durzi
Penalty Shots
Adam Henrique, Christian Dvorak, Rickard Rakell, Anthony Mantha, Ivan Barbashev
Scratches
Victor Olofsson (Healthy), Tobias Bjornfot (Healthy), Mike Hoffman (Healthy), Sam Lafferty (Healthy), Clay Stevenson (Healthy)
Colorado Rockies
5 vs 5 Forward
Center Left Wing Right Wing Time % Phy DF OF
1 David Pastrnak Kyle Connor Nikita Kucherov 30 1 2 2
2 Ryan O'Reilly Jesper Bratt Kyle Palmieri 30 1 2 2
3 Nick Schmaltz Michael Bunting Nick Bonino 25 1 2 2
4 Evgeny Kuznetsov Kevin Hayes Jakub Vrana 15 1 2 2
5 vs 5 Defense
Defense Defense Time % Phy DF OF
1 Victor Hedman Quinn Hughes 35 1 2 2
2 Nikita Zadorov Martin Fehervary 35 1 2 2
3 Vince Dunn Andrew Peeke 30 1 2 2
4 Victor Hedman Quinn Hughes 0 1 2 2
PowerPlay Forward
Center Left Wing Right Wing Time % Phy DF OF
1 Ryan O'Reilly Jesper Bratt Nikita Kucherov 50 1 2 2
2 Nick Bonino Kyle Connor David Pastrnak 50 1 2 2
PowerPlay Defense
Defense Defense Time % Phy DF OF
1 Victor Hedman Quinn Hughes 50 1 2 2
2 Nikita Zadorov Martin Fehervary 50 1 2 2
Penalty Kill 4 Players Forward
Center Wing Time % Phy DF OF
1 Nikita Kucherov David Pastrnak 50 1 2 2
2 Ryan O'Reilly Jesper Bratt 50 1 2 2
Penalty Kill 4 Players Defense
Defense Defense Time % Phy DF OF
1 Victor Hedman Quinn Hughes 50 1 2 2
2 Nikita Zadorov Martin Fehervary 50 1 2 2
Penalty Kill - 3 Players Forward
Forward Time % Phy DF OF
1 Nikita Kucherov 50 1 2 2
2 David Pastrnak 50 1 2 2
Penalty Kill - 3 Players Defense
Defense Defense Time % Phy DF OF
1 Victor Hedman Quinn Hughes 50 1 2 2
2 Nikita Zadorov Martin Fehervary 50 1 2 2
4 vs 4 Forward
Center Wing Time % Phy DF OF
1 Nikita Kucherov David Pastrnak 50 1 2 2
2 Ryan O'Reilly Jesper Bratt 50 1 2 2
4 vs 4 Defense
Defense Defense Time % Phy DF OF
1 Victor Hedman Quinn Hughes 50 1 2 2
2 Nikita Zadorov Martin Fehervary 50 1 2 2
Last Minutes Offensive
Center Left Wing Right Wing Defense Defense
Ryan O'Reilly Jesper Bratt Nikita Kucherov Victor Hedman Quinn Hughes
Last Minutes Defensive
Center Left Wing Right Wing Defense Defense
Ryan O'Reilly Jesper Bratt Nikita Kucherov Victor Hedman Quinn Hughes
Goaltenders
Starting : Joey Daccord
Backup : Daniil Tarasov
Extra Forwards
Normal : Nick Bonino, Kevin Hayes, Nikita Kucherov - PP : Nick Bonino, Kevin Hayes - PK : Nikita Kucherov
Extra Defensemen
Normal : Vince Dunn, Andrew Peeke, Nikita Zadorov - PP : Vince Dunn - PK : Andrew Peeke, Nikita Zadorov
Penalty Shots
Nikita Kucherov, David Pastrnak, Nick Bonino, Jesper Bratt, Ryan O'Reilly
Scratches
Tim Stutzle (Healthy)
% Time on Ice - San Jose Sharks
Lines # - Real PCT - Wanted PCT - Time Play
Normal Forward
1 - 28% - 30% - 11:40
2 - 27% - 30% - 11:34
3 - 23% - 25% - 9:47
4 - 22% - 15% - 9:13
Normal Defense
1 - 35% - 35% - 14:51
2 - 36% - 35% - 15:06
3 - 29% - 30% - 12:17
4 - 0% - 0% - 0:00
PP Forward
1 - 50% - 50% - 2:59
2 - 50% - 50% - 2:58
PP Defense
1 - 45% - 50% - 2:40
2 - 55% - 50% - 3:17
PK Forward
1 - 48% - 50% - 5:15
2 - 52% - 50% - 5:44
PK Defense
1 - 49% - 50% - 5:21
2 - 51% - 50% - 5:38
PK3 Forward
1 - 0% - 50%
2 - 0% - 50%
PK3 Defense
1 - 0% - 50%
2 - 0% - 50%
44 Forward
1 - 0% - 50%
2 - 0% - 50%
44 Defense
1 - 0% - 50%
2 - 0% - 50%
Last Minute Offensive - 0:00
Last Minute Defensive - 0:50
Total
Forward - 60:00
Defense - 60:00
|
% Time on Ice - Colorado Rockies
Lines # - Real PCT - Wanted PCT - Time Play
Normal Forward
1 - 26% - 30% - 11:05
2 - 30% - 30% - 12:35
3 - 23% - 25% - 9:33
4 - 21% - 15% - 8:58
Normal Defense
1 - 37% - 35% - 15:34
2 - 34% - 35% - 14:11
3 - 29% - 30% - 12:26
4 - 0% - 0% - 0:00
PP Forward
1 - 42% - 50% - 4:34
2 - 58% - 50% - 6:25
PP Defense
1 - 55% - 50% - 6:01
2 - 45% - 50% - 4:58
PK Forward
1 - 56% - 50% - 3:20
2 - 44% - 50% - 2:37
PK Defense
1 - 48% - 50% - 2:53
2 - 52% - 50% - 3:04
PK3 Forward
1 - 0% - 50%
2 - 0% - 50%
PK3 Defense
1 - 0% - 50%
2 - 0% - 50%
44 Forward
1 - 0% - 50%
2 - 0% - 50%
44 Defense
1 - 0% - 50%
2 - 0% - 50%
Last Minute Offensive - 0:53
Last Minute Defensive - 0:00
Total
Forward - 60:00
Defense - 60:00
|
Play-by-Play
1st period
0:01 of 1st period - Adam Henrique wins face-off versus Kyle Connor in neutral zone.
0:06 of 1st period - Wrist shot by Rickard Rakell.
0:06 of 1st period - Stopped by Joey Daccord without a rebound.
0:07 of 1st period - Adam Henrique wins face-off versus David Pastrnak in Colorado Rockies zone.
0:10 of 1st period - Wrist shot by Anthony Mantha.
0:10 of 1st period - Stopped by Joey Daccord without a rebound.
0:11 of 1st period - Pierre-Luc Dubois wins face-off versus Ryan O'Reilly in Colorado Rockies zone.
0:12 of 1st period - Wrist shot by Ivan Barbashev.
0:12 of 1st period - Shot Misses the Net.
0:34 of 1st period - Minor Penalty to Sean Durzi for Tripping.
0:35 of 1st period - Ryan O'Reilly wins face-off versus Adam Henrique in San Jose Sharks zone.
1:07 of 1st period - Wrist shot by Rickard Rakell.
1:07 of 1st period - Stopped by Joey Daccord without a rebound.
1:08 of 1st period - Rickard Rakell wins face-off versus Nick Bonino in Colorado Rockies zone.
1:11 of 1st period - Wrist shot by Rickard Rakell.
1:11 of 1st period - Stopped by Joey Daccord without a rebound.
1:12 of 1st period - Adam Henrique wins face-off versus David Pastrnak in Colorado Rockies zone.
1:17 of 1st period - Snap shot by Ivan Barbashev.
1:17 of 1st period - Deflect By Adam Henrique.
1:17 of 1st period - Shot Misses the Net.
1:17 of 1st period - Puck is out of play.
1:18 of 1st period - Adam Henrique wins face-off versus Nick Bonino in Colorado Rockies zone.
1:21 of 1st period - Wrist shot by Adam Henrique.
1:21 of 1st period - Shot Misses the Net.
1:31 of 1st period - Christopher Tanev is hit by David Pastrnak and loses puck.
1:38 of 1st period - Wrist shot by Kyle Connor.
1:38 of 1st period - Goal by Kyle Connor - San Jose Sharks : 0 - Colorado Rockies : 1.
1:39 of 1st period - Christian Dvorak wins face-off versus Nick Schmaltz in neutral zone.
2:35 of 1st period - Slapshot by Ilya Mikheyev.
2:35 of 1st period - Stopped by Joey Daccord without a rebound.
2:36 of 1st period - Pierre-Luc Dubois wins face-off versus Evgeny Kuznetsov in Colorado Rockies zone.
3:06 of 1st period - David Pastrnak is hit by Jonathan Drouin.
3:22 of 1st period - Wrist shot by Jesper Bratt.
3:22 of 1st period - Stopped by Logan Thompson without a rebound.
3:23 of 1st period - Brett Howden wins face-off versus Ryan O'Reilly in San Jose Sharks zone.
3:45 of 1st period - Icing by Quinn Hughes.
3:46 of 1st period - Ryan O'Reilly wins face-off versus Pierre-Luc Dubois in Colorado Rockies zone.
4:20 of 1st period - Wrist shot by David Pastrnak.
4:20 of 1st period - Shot Blocked by Erik Cernak.
4:22 of 1st period - Snap shot by Nikita Zadorov.
4:22 of 1st period - Stopped by Logan Thompson with a rebound.
4:32 of 1st period - Christopher Tanev is hit by Kyle Palmieri and loses puck.
4:41 of 1st period - Wrist shot by Ryan O'Reilly.
4:41 of 1st period - Deflect By Jesper Bratt.
4:41 of 1st period - Shot Blocked by Christopher Tanev.
4:41 of 1st period - Puck is out of play.
4:42 of 1st period - Michael Bunting wins face-off versus Christian Dvorak in San Jose Sharks zone.
4:43 of 1st period - Wrist shot by Nick Schmaltz.
4:43 of 1st period - Shot Misses the Net.
4:45 of 1st period - Minor Penalty to Luke Kunin for Cross-checking.
4:46 of 1st period - Ryan O'Reilly wins face-off versus Rickard Rakell in San Jose Sharks zone.
4:47 of 1st period - Slapshot by Nikita Kucherov.
4:47 of 1st period - Shot Blocked by Christopher Tanev.
5:51 of 1st period - Icing by Nikita Kucherov.
5:52 of 1st period - Ryan O'Reilly wins face-off versus Rickard Rakell in Colorado Rockies zone.
6:45 of 1st period - Penalty to Luke Kunin is over, Luke Kunin is back on ice.
7:01 of 1st period - Slapshot by Adam Henrique.
7:01 of 1st period - Stopped by Joey Daccord with a rebound.
7:03 of 1st period - Slapshot by Erik Cernak.
7:03 of 1st period - Shot Blocked by Martin Fehervary.
7:05 of 1st period - Slapshot by Erik Cernak.
7:05 of 1st period - Shot Misses the Net.
7:09 of 1st period - Wrist shot by Adam Henrique.
7:09 of 1st period - Shot Misses the Net.
7:11 of 1st period - Snap shot by Adam Henrique.
7:11 of 1st period - Shot Misses the Net.
7:13 of 1st period - Slapshot by Erik Cernak.
7:13 of 1st period - Stopped by Joey Daccord without a rebound.
7:14 of 1st period - Brett Howden wins face-off versus Nick Schmaltz in Colorado Rockies zone.
7:41 of 1st period - Nikita Kucherov is hit by Luke Kunin.
8:27 of 1st period - Jakub Vrana is hit by Anthony Mantha and loses puck.
8:54 of 1st period - Michael Bunting is hit by Brett Howden and loses puck.
9:51 of 1st period - Connor Murphy is hit by Kyle Palmieri and loses puck.
10:10 of 1st period - Icing by Martin Fehervary.
10:11 of 1st period - Evgeny Kuznetsov wins face-off versus Frederick Gaudreau in Colorado Rockies zone.
10:57 of 1st period - Wrist shot by Ilya Mikheyev.
10:57 of 1st period - Stopped by Joey Daccord without a rebound.
10:58 of 1st period - Pierre-Luc Dubois wins face-off versus Ryan O'Reilly in Colorado Rockies zone.
11:53 of 1st period - Snap shot by Adam Henrique.
11:53 of 1st period - Stopped by Joey Daccord with a rebound.
11:55 of 1st period - Wrist shot by Adam Henrique.
11:55 of 1st period - Shot Misses the Net.
12:01 of 1st period - Minor Penalty to David Pastrnak for Tripping.
12:02 of 1st period - Adam Henrique wins face-off versus Nikita Kucherov in Colorado Rockies zone.
12:05 of 1st period - Snap shot by Anthony Mantha.
12:05 of 1st period - Stopped by Joey Daccord with a rebound.
12:07 of 1st period - Snap shot by Anthony Mantha.
12:07 of 1st period - Stopped by Joey Daccord without a rebound.
12:08 of 1st period - Adam Henrique wins face-off versus Nikita Kucherov in Colorado Rockies zone.
12:09 of 1st period - Wrist shot by Rickard Rakell.
12:09 of 1st period - Deflect By Adam Henrique.
12:09 of 1st period - Stopped by Joey Daccord without a rebound.
12:10 of 1st period - Nikita Kucherov wins face-off versus Adam Henrique in Colorado Rockies zone.
13:16 of 1st period - Icing by Erik Cernak.
13:17 of 1st period - Nikita Kucherov wins face-off versus Luke Kunin in San Jose Sharks zone.
13:46 of 1st period - Slapshot by Anthony Mantha.
13:46 of 1st period - Shot Misses the Net.
13:48 of 1st period - Snap shot by Rickard Rakell.
13:48 of 1st period - Shot Misses the Net.
14:01 of 1st period - Penalty to David Pastrnak is over, David Pastrnak is back on ice.
14:55 of 1st period - Kyle Connor is hit by Ivan Barbashev and loses puck.
15:12 of 1st period - Snap shot by Jonathan Drouin.
15:12 of 1st period - Stopped by Joey Daccord with a rebound.
15:22 of 1st period - Sean Durzi is hit by Nikita Zadorov.
15:36 of 1st period - Off-side.
15:37 of 1st period - Brett Howden wins face-off versus Ryan O'Reilly in neutral zone.
16:04 of 1st period - David Pastrnak is hit by Luke Kunin and loses puck.
17:14 of 1st period - Snap shot by Jonathan Drouin.
17:14 of 1st period - Stopped by Joey Daccord without a rebound.
17:15 of 1st period - Luke Kunin wins face-off versus Jesper Bratt in Colorado Rockies zone.
17:24 of 1st period - Slapshot by Jesper Bratt.
17:24 of 1st period - Stopped by Logan Thompson with a rebound.
17:26 of 1st period - Snap shot by Jesper Bratt.
17:26 of 1st period - Deflect By Ryan O'Reilly.
17:26 of 1st period - Shot Blocked by Luke Kunin.
17:26 of 1st period - Puck is out of play.
17:27 of 1st period - Pierre-Luc Dubois wins face-off versus Kyle Connor in San Jose Sharks zone.
18:01 of 1st period - Slapshot by Jesper Bratt.
18:01 of 1st period - Shot Misses the Net.
18:21 of 1st period - Slapshot by Nick Schmaltz.
18:21 of 1st period - Stopped by Logan Thompson without a rebound.
18:22 of 1st period - David Pastrnak wins face-off versus Rickard Rakell in San Jose Sharks zone.
18:23 of 1st period - Snap shot by Nikita Kucherov.
18:23 of 1st period - Stopped by Logan Thompson without a rebound.
18:24 of 1st period - Pierre-Luc Dubois wins face-off versus David Pastrnak in San Jose Sharks zone.
18:24 of 1st period - Ivan Barbashev is hit by Kyle Connor and loses puck.
19:01 of 1st period - Wrist shot by Rickard Rakell.
19:01 of 1st period - Shot Misses the Net.
Goals for this period are 0 for San Jose Sharks vs 1 for Colorado Rockies.
Shots for this period are 14 for San Jose Sharks vs 6 for Colorado Rockies.
2nd period
0:01 of 2nd period - Pierre-Luc Dubois wins face-off versus David Pastrnak in neutral zone.
0:03 of 2nd period - Minor Penalty to Pierre-Luc Dubois for Interference.
0:04 of 2nd period - Ryan O'Reilly wins face-off versus Rickard Rakell in San Jose Sharks zone.
0:07 of 2nd period - Slapshot by Jesper Bratt.
0:07 of 2nd period - Shot Blocked by Dmitry Orlov.
2:03 of 2nd period - Penalty to Pierre-Luc Dubois is over, Pierre-Luc Dubois is back on ice.
2:16 of 2nd period - Sean Durzi is hit by Quinn Hughes and loses puck.
2:23 of 2nd period - Kevin Hayes is hit by Brett Howden and loses puck.
2:38 of 2nd period - Michael Bunting is hit by Luke Kunin and loses puck.
3:02 of 2nd period - Slapshot by Sean Durzi.
3:02 of 2nd period - Shot Misses the Net.
3:04 of 2nd period - Wrist shot by Joseph Veleno.
3:04 of 2nd period - Stopped by Joey Daccord with a rebound.
3:51 of 2nd period - Snap shot by Michael Bunting.
3:51 of 2nd period - Shot Misses the Net.
3:53 of 2nd period - Minor Penalty to Adam Henrique for Tripping.
3:54 of 2nd period - Ryan O'Reilly wins face-off versus Luke Kunin in San Jose Sharks zone.
4:05 of 2nd period - Wrist shot by Nikita Kucherov.
4:05 of 2nd period - Stopped by Logan Thompson with a rebound.
4:33 of 2nd period - Erik Cernak is hit by David Pastrnak and loses puck.
5:53 of 2nd period - Penalty to Adam Henrique is over, Adam Henrique is back on ice.
6:52 of 2nd period - Off-side.
6:53 of 2nd period - Anthony Mantha wins face-off versus David Pastrnak in neutral zone.
6:56 of 2nd period - Snap shot by Rickard Rakell.
6:56 of 2nd period - Stopped by Joey Daccord with a rebound.
7:59 of 2nd period - Wrist shot by Ilya Mikheyev.
7:59 of 2nd period - Shot Misses the Net.
8:01 of 2nd period - Slapshot by Connor Murphy.
8:01 of 2nd period - Shot Misses the Net.
8:03 of 2nd period - Wrist shot by Brett Howden.
8:03 of 2nd period - Goal by Brett Howden - San Jose Sharks : 1 - Colorado Rockies : 1.
8:04 of 2nd period - Pierre-Luc Dubois wins face-off versus Ryan O'Reilly in neutral zone.
8:19 of 2nd period - Snap shot by Jesper Bratt.
8:19 of 2nd period - Shot Misses the Net.
8:36 of 2nd period - Snap shot by David Pastrnak.
8:36 of 2nd period - Shot Blocked by Adam Henrique.
8:38 of 2nd period - Snap shot by David Pastrnak.
8:38 of 2nd period - Deflect By Anthony Mantha.
8:38 of 2nd period - Shot Misses the Net.
8:38 of 2nd period - Puck is out of play.
8:39 of 2nd period - Adam Henrique wins face-off versus David Pastrnak in San Jose Sharks zone.
8:39 of 2nd period - Rickard Rakell is hit by Nikita Kucherov and loses puck.
8:46 of 2nd period - Wrist shot by Nikita Kucherov.
8:46 of 2nd period - Shot Misses the Net.
8:48 of 2nd period - Slapshot by Nikita Zadorov.
8:48 of 2nd period - Shot Blocked by Simon Nemec.
8:50 of 2nd period - Slapshot by Kyle Connor.
8:50 of 2nd period - Shot Blocked by Adam Henrique.
9:32 of 2nd period - Slapshot by Christian Dvorak.
9:32 of 2nd period - Shot Misses the Net.
9:34 of 2nd period - Wrist shot by Luke Kunin.
9:34 of 2nd period - Stopped by Joey Daccord with a rebound.
9:48 of 2nd period - Ilya Mikheyev is hit by Jakub Vrana and loses puck.
10:11 of 2nd period - Kyle Connor is hit by Erik Cernak and loses puck.
10:20 of 2nd period - Snap shot by Adam Henrique.
10:20 of 2nd period - Stopped by Joey Daccord without a rebound.
10:21 of 2nd period - Pierre-Luc Dubois wins face-off versus Ryan O'Reilly in Colorado Rockies zone.
10:22 of 2nd period - Snap shot by Ivan Barbashev.
10:22 of 2nd period - Stopped by Joey Daccord without a rebound.
10:23 of 2nd period - Ryan O'Reilly wins face-off versus Pierre-Luc Dubois in Colorado Rockies zone.
10:31 of 2nd period - Off-side.
10:32 of 2nd period - Pierre-Luc Dubois wins face-off versus Ryan O'Reilly in neutral zone.
10:41 of 2nd period - Wrist shot by Ivan Barbashev.
10:41 of 2nd period - Shot Blocked by Ryan O'Reilly.
10:43 of 2nd period - Minor Penalty to Victor Hedman for Roughing.
10:44 of 2nd period - Ryan O'Reilly wins face-off versus Joseph Veleno in Colorado Rockies zone.
10:44 of 2nd period - Ryan O'Reilly is hit by Luke Kunin.
12:43 of 2nd period - Penalty to Victor Hedman is over, Victor Hedman is back on ice.
12:57 of 2nd period - Nick Bonino is hit by Connor Murphy and loses puck.
13:52 of 2nd period - Slapshot by Jesper Bratt.
13:52 of 2nd period - Stopped by Logan Thompson without a rebound.
13:53 of 2nd period - Anthony Mantha wins face-off versus Kyle Connor in San Jose Sharks zone.
14:16 of 2nd period - Pierre-Luc Dubois is hit by Michael Bunting and loses puck.
14:23 of 2nd period - Wrist shot by Nick Schmaltz.
14:23 of 2nd period - Stopped by Logan Thompson without a rebound.
14:24 of 2nd period - Adam Henrique wins face-off versus Ryan O'Reilly in San Jose Sharks zone.
14:33 of 2nd period - Slapshot by Anthony Mantha.
14:33 of 2nd period - Deflect By Adam Henrique.
14:33 of 2nd period - Stopped by Joey Daccord with a rebound.
15:36 of 2nd period - Kyle Connor is hit by Erik Cernak and loses puck.
15:41 of 2nd period - Snap shot by Kyle Connor.
15:41 of 2nd period - Shot Misses the Net.
15:43 of 2nd period - Wrist shot by David Pastrnak.
15:43 of 2nd period - Shot Misses the Net.
15:45 of 2nd period - Wrist shot by Nikita Kucherov.
15:45 of 2nd period - Stopped by Logan Thompson with a rebound.
15:47 of 2nd period - Slapshot by Nikita Zadorov.
15:47 of 2nd period - Stopped by Logan Thompson with a rebound.
16:03 of 2nd period - Snap shot by Nikita Kucherov.
16:03 of 2nd period - Stopped by Logan Thompson with a rebound.
16:05 of 2nd period - Snap shot by Nikita Kucherov.
16:05 of 2nd period - Deflect By David Pastrnak.
16:05 of 2nd period - Shot Blocked by Erik Cernak.
16:05 of 2nd period - Puck is out of play.
16:06 of 2nd period - Adam Henrique wins face-off versus Ryan O'Reilly in San Jose Sharks zone.
16:17 of 2nd period - Snap shot by Jesper Bratt.
16:17 of 2nd period - Stopped by Logan Thompson without a rebound.
16:18 of 2nd period - Adam Henrique wins face-off versus Ryan O'Reilly in San Jose Sharks zone.
16:18 of 2nd period - Adam Henrique is hit by Jesper Bratt.
17:28 of 2nd period - Off-side.
17:29 of 2nd period - Nick Schmaltz wins face-off versus Brett Howden in neutral zone.
17:40 of 2nd period - Backhand shot by Michael Bunting.
17:40 of 2nd period - Shot Misses the Net.
17:42 of 2nd period - Wrist shot by Martin Fehervary.
17:42 of 2nd period - Deflect By Brett Howden.
17:42 of 2nd period - Stopped by Logan Thompson with a rebound.
17:54 of 2nd period - Frederick Gaudreau is hit by Nikita Kucherov and loses puck.
18:09 of 2nd period - Wrist shot by Brett Howden.
18:09 of 2nd period - Shot Blocked by David Pastrnak.
18:19 of 2nd period - Snap shot by David Pastrnak.
18:19 of 2nd period - Deflect By Nikita Kucherov.
18:19 of 2nd period - Stopped by Logan Thompson with a rebound.
18:34 of 2nd period - Snap shot by Nikita Kucherov.
18:34 of 2nd period - Shot Misses the Net.
18:50 of 2nd period - Snap shot by Frederick Gaudreau.
18:50 of 2nd period - Stopped by Joey Daccord without a rebound.
18:51 of 2nd period - Adam Henrique wins face-off versus Ryan O'Reilly in Colorado Rockies zone.
19:37 of 2nd period - Slapshot by Quinn Hughes.
19:37 of 2nd period - Shot Blocked by Sean Durzi.
19:39 of 2nd period - Wrist shot by Evgeny Kuznetsov.
19:39 of 2nd period - Shot Misses the Net.
19:41 of 2nd period - Backhand shot by Victor Hedman.
19:41 of 2nd period - Stopped by Logan Thompson without a rebound.
19:42 of 2nd period - Adam Henrique wins face-off versus Evgeny Kuznetsov in San Jose Sharks zone.
19:49 of 2nd period - Slapshot by Adam Henrique.
19:49 of 2nd period - Stopped by Joey Daccord without a rebound.
19:50 of 2nd period - Ryan O'Reilly wins face-off versus Adam Henrique in Colorado Rockies zone.
Goals for this period are 1 for San Jose Sharks vs 0 for Colorado Rockies.
Shots for this period are 9 for San Jose Sharks vs 10 for Colorado Rockies.
3rd period
0:01 of 3rd period - Pierre-Luc Dubois wins face-off versus Ryan O'Reilly in neutral zone.
0:14 of 3rd period - Slapshot by Ryan O'Reilly.
0:14 of 3rd period - Stopped by Logan Thompson without a rebound.
0:15 of 3rd period - Adam Henrique wins face-off versus David Pastrnak in San Jose Sharks zone.
0:15 of 3rd period - Adam Henrique is hit by Kyle Connor.
0:23 of 3rd period - Wrist shot by Nikita Kucherov.
0:23 of 3rd period - Shot Misses the Net.
0:29 of 3rd period - Snap shot by Nikita Kucherov.
0:29 of 3rd period - Shot Blocked by Sean Durzi.
0:31 of 3rd period - Slapshot by Quinn Hughes.
0:31 of 3rd period - Shot Misses the Net.
0:43 of 3rd period - Snap shot by Sean Durzi.
0:43 of 3rd period - Stopped by Joey Daccord with a rebound.
0:51 of 3rd period - Slapshot by Pierre-Luc Dubois.
0:51 of 3rd period - Stopped by Joey Daccord with a rebound.
1:35 of 3rd period - Brett Howden is hit by Evgeny Kuznetsov and loses puck.
2:11 of 3rd period - Snap shot by Ryan O'Reilly.
2:11 of 3rd period - Stopped by Logan Thompson with a rebound.
2:13 of 3rd period - Slapshot by Martin Fehervary.
2:13 of 3rd period - Shot Misses the Net.
2:15 of 3rd period - Snap shot by Kyle Palmieri.
2:15 of 3rd period - Shot Blocked by Simon Nemec.
2:17 of 3rd period - Slapshot by Martin Fehervary.
2:17 of 3rd period - Deflect By Jesper Bratt.
2:17 of 3rd period - Stopped by Logan Thompson with a rebound.
2:29 of 3rd period - Icing by Simon Nemec.
2:30 of 3rd period - Nick Schmaltz wins face-off versus Pierre-Luc Dubois in San Jose Sharks zone.
2:30 of 3rd period - Quinn Hughes is hit by Dmitry Orlov and loses puck.
3:27 of 3rd period - Wrist shot by Christian Dvorak.
3:27 of 3rd period - Shot Blocked by Victor Hedman.
4:28 of 3rd period - Jakub Vrana is hit by Luke Kunin and loses puck.
4:43 of 3rd period - Kevin Hayes is hit by Ivan Barbashev and loses puck.
5:04 of 3rd period - Slapshot by Quinn Hughes.
5:04 of 3rd period - Stopped by Logan Thompson without a rebound.
5:05 of 3rd period - Ryan O'Reilly wins face-off versus Adam Henrique in San Jose Sharks zone.
5:06 of 3rd period - Snap shot by Jesper Bratt.
5:06 of 3rd period - Shot Blocked by Dmitry Orlov.
5:08 of 3rd period - Minor Penalty to Anthony Mantha for Slashing.
5:09 of 3rd period - Rickard Rakell wins face-off versus Nick Bonino in San Jose Sharks zone.
7:08 of 3rd period - Penalty to Anthony Mantha is over, Anthony Mantha is back on ice.
7:11 of 3rd period - Snap shot by Pierre-Luc Dubois.
7:11 of 3rd period - Shot Misses the Net.
7:21 of 3rd period - Slapshot by Jakub Vrana.
7:21 of 3rd period - Shot Misses the Net.
7:23 of 3rd period - Snap shot by Kevin Hayes.
7:23 of 3rd period - Deflect By Jakub Vrana.
7:23 of 3rd period - Stopped by Logan Thompson without a rebound.
7:24 of 3rd period - Evgeny Kuznetsov wins face-off versus Christian Dvorak in San Jose Sharks zone.
7:31 of 3rd period - Wrist shot by Jakub Vrana.
7:31 of 3rd period - Stopped by Logan Thompson without a rebound.
7:32 of 3rd period - Evgeny Kuznetsov wins face-off versus Christian Dvorak in San Jose Sharks zone.
7:41 of 3rd period - Snap shot by Sean Durzi.
7:41 of 3rd period - Shot Misses the Net.
8:03 of 3rd period - Snap shot by Rickard Rakell.
8:03 of 3rd period - Stopped by Joey Daccord with a rebound.
8:05 of 3rd period - Snap shot by Rickard Rakell.
8:05 of 3rd period - Stopped by Joey Daccord without a rebound.
8:06 of 3rd period - Pierre-Luc Dubois wins face-off versus David Pastrnak in Colorado Rockies zone.
8:07 of 3rd period - Snap shot by Ivan Barbashev.
8:07 of 3rd period - Stopped by Joey Daccord without a rebound.
8:08 of 3rd period - David Pastrnak wins face-off versus Pierre-Luc Dubois in Colorado Rockies zone.
8:16 of 3rd period - Icing by Nikita Kucherov.
8:17 of 3rd period - David Pastrnak wins face-off versus Rickard Rakell in Colorado Rockies zone.
8:17 of 3rd period - David Pastrnak is hit by Anthony Mantha.
8:53 of 3rd period - Snap shot by Luke Kunin.
8:53 of 3rd period - Goal by Luke Kunin - San Jose Sharks : 2 - Colorado Rockies : 1.
8:54 of 3rd period - Adam Henrique wins face-off versus Ryan O'Reilly in neutral zone.
9:03 of 3rd period - Snap shot by Anthony Mantha.
9:03 of 3rd period - Stopped by Joey Daccord without a rebound.
9:04 of 3rd period - Adam Henrique wins face-off versus Ryan O'Reilly in Colorado Rockies zone.
9:11 of 3rd period - Slapshot by Rickard Rakell.
9:11 of 3rd period - Shot Misses the Net.
9:13 of 3rd period - Snap shot by Rickard Rakell.
9:13 of 3rd period - Shot Blocked by Martin Fehervary.
9:15 of 3rd period - Snap shot by Anthony Mantha.
9:15 of 3rd period - Stopped by Joey Daccord with a rebound.
9:17 of 3rd period - Wrist shot by Adam Henrique.
9:17 of 3rd period - Shot Misses the Net.
9:19 of 3rd period - Snap shot by Christopher Tanev.
9:19 of 3rd period - Deflect By Ryan O'Reilly.
9:19 of 3rd period - Stopped by Joey Daccord without a rebound.
9:20 of 3rd period - David Pastrnak wins face-off versus Pierre-Luc Dubois in Colorado Rockies zone.
9:47 of 3rd period - Dmitry Orlov is hit by Martin Fehervary and loses puck.
9:52 of 3rd period - Wrist shot by Ryan O'Reilly.
9:52 of 3rd period - Stopped by Logan Thompson with a rebound.
10:35 of 3rd period - Snap shot by Ivan Barbashev.
10:35 of 3rd period - Shot Misses the Net.
10:37 of 3rd period - Wrist shot by Simon Nemec.
10:37 of 3rd period - Deflect By Joseph Veleno.
10:37 of 3rd period - Stopped by Joey Daccord with a rebound.
10:39 of 3rd period - Snap shot by Joseph Veleno.
10:39 of 3rd period - Stopped by Joey Daccord without a rebound.
10:40 of 3rd period - Adam Henrique wins face-off versus Ryan O'Reilly in Colorado Rockies zone.
11:01 of 3rd period - Sean Durzi is hit by Nikita Zadorov.
11:17 of 3rd period - Snap shot by Pierre-Luc Dubois.
11:17 of 3rd period - Stopped by Joey Daccord with a rebound.
11:38 of 3rd period - Off-side.
11:39 of 3rd period - Adam Henrique wins face-off versus Ryan O'Reilly in neutral zone.
11:48 of 3rd period - Adam Henrique is hit by Jesper Bratt and loses puck.
11:54 of 3rd period - Minor Penalty to Rickard Rakell for Hooking.
11:55 of 3rd period - Nick Bonino wins face-off versus Adam Henrique in San Jose Sharks zone.
12:03 of 3rd period - Snap shot by David Pastrnak.
12:03 of 3rd period - Stopped by Logan Thompson without a rebound.
12:04 of 3rd period - Nick Bonino wins face-off versus Adam Henrique in San Jose Sharks zone.
13:09 of 3rd period - Backhand shot by Kyle Connor.
13:09 of 3rd period - Stopped by Logan Thompson with a rebound.
13:11 of 3rd period - Snap shot by Nick Bonino.
13:11 of 3rd period - Stopped by Logan Thompson with a rebound.
13:30 of 3rd period - Wrist shot by David Pastrnak.
13:30 of 3rd period - Shot Blocked by Sean Durzi.
13:54 of 3rd period - Penalty to Rickard Rakell is over, Rickard Rakell is back on ice.
13:59 of 3rd period - Pierre-Luc Dubois is hit by Victor Hedman and loses puck.
14:06 of 3rd period - Wrist shot by David Pastrnak.
14:06 of 3rd period - Shot Blocked by Rickard Rakell.
14:10 of 3rd period - Snap shot by David Pastrnak.
14:10 of 3rd period - Stopped by Logan Thompson with a rebound.
14:20 of 3rd period - Snap shot by David Pastrnak.
14:20 of 3rd period - Stopped by Logan Thompson with a rebound.
14:22 of 3rd period - Snap shot by Nick Bonino.
14:22 of 3rd period - Stopped by Logan Thompson without a rebound.
14:23 of 3rd period - Ryan O'Reilly wins face-off versus Christian Dvorak in San Jose Sharks zone.
15:35 of 3rd period - Slapshot by Evgeny Kuznetsov.
15:35 of 3rd period - Shot Misses the Net.
15:58 of 3rd period - Slapshot by Luke Kunin.
15:58 of 3rd period - Shot Misses the Net.
16:04 of 3rd period - Minor Penalty to Michael Bunting for Tripping.
16:05 of 3rd period - Luke Kunin wins face-off versus Ryan O'Reilly in Colorado Rockies zone.
16:10 of 3rd period - Wrist shot by Ivan Barbashev.
16:10 of 3rd period - Shot Blocked by Martin Fehervary.
18:04 of 3rd period - Penalty to Michael Bunting is over, Michael Bunting is back on ice.
18:17 of 3rd period - Slapshot by Vince Dunn.
18:17 of 3rd period - Stopped by Logan Thompson without a rebound.
18:18 of 3rd period - Brett Howden wins face-off versus Evgeny Kuznetsov in San Jose Sharks zone.
18:18 of 3rd period - Brett Howden is hit by Evgeny Kuznetsov.
18:26 of 3rd period - Snap shot by Ilya Mikheyev.
18:26 of 3rd period - Stopped by Joey Daccord without a rebound.
18:27 of 3rd period - Brett Howden wins face-off versus Nick Schmaltz in Colorado Rockies zone.
18:41 of 3rd period - Colorado Rockies, Joey Daccord is pulled from the net.
18:52 of 3rd period - Off-side.
18:53 of 3rd period - Bruce Cassidy call a timeout for Colorado Rockies.
18:53 of 3rd period - Ryan O'Reilly wins face-off versus Adam Henrique in neutral zone.
19:16 of 3rd period - Victor Hedman is hit by Anthony Mantha and loses puck.
19:37 of 3rd period - Snap shot by Anthony Mantha.
19:37 of 3rd period - Shot Misses the Net.
19:39 of 3rd period - Wrist shot by Rickard Rakell.
19:39 of 3rd period - Deflect By Adam Henrique.
19:39 of 3rd period - Goal by Adam Henrique - San Jose Sharks : 3 - Colorado Rockies : 1.
19:39 of 3rd period - Joey Daccord from Colorado Rockies was sent back in the game.
19:40 of 3rd period - Luke Kunin wins face-off versus Nick Schmaltz in neutral zone.
Goals for this period are 2 for San Jose Sharks vs 0 for Colorado Rockies.
Shots for this period are 14 for San Jose Sharks vs 14 for Colorado Rockies.
Back to the Top